Map: Golden Wall LE

Players

soO - Winner!

  • Race: Zerg Zerg
  • Spawn Location: 5:00

SpeCial

  • Race: Terran Terran
  • League: Master
  • Spawn Location: 7:00

Event: Shopify TSL 5

VOD

Have the link to the VOD?

Description

Time

  • Played on: May 24, 2020, 8:40 a.m.
  • Length: 8:45

All games in this series

Show
View Real Time Build Order
Export as new Build Order

soO Zerg - Winner!

Build Orders: Hatch First, Muta Ling Bane 

Get SALT Encoding   

  12  0:01  Drone  
  13  0:12  Overlord  
  13  0:17  Drone  
  14  0:30  Drone x2  
  16  0:48  Hatchery  
  15  0:51  Drone  
  15  0:55  Drone  
  17  0:59  Drone  
  18  1:09  Extractor  
  17  1:13  Spawning Pool  
  17  1:16  Drone  
  17  1:20  Drone  
  18  1:28  Drone  
  19  1:39  Drone  
  20  1:48  Overlord  
  20  2:00  Queen x2  
  20  2:01  Zergling x4  
  26  2:11  Drone  
  26  2:12  Drone  
  26  2:13  Metabolic Boost  
  28  2:21  Drone x2  
  29  2:38  Queen  
  29  2:41  Drone  
  29  2:42  Queen  
  29  2:43  Overlord  
  34  2:45  Drone  
  34  2:48  Drone  
  36  3:01  Drone  
  36  3:02  Drone  
  36  3:04  Drone x2  
  40  3:09  Drone  
  40  3:10  Drone, Overlord  
  42  3:16  Drone x2  
  42  3:19  Lair  
  44  3:22  Overlord  
  44  3:26  Extractor  
  43  3:27  Drone  
  43  3:29  Queen  
  43  3:32  Drone  
  43  3:33  Drone  
  48  3:37  Drone x2  
  50  3:44  Drone  
  50  3:46  Drone  
  50  3:48  Drone  
  53  3:52  Drone  
  54  4:00  Drone x2, Hatchery  
  55  4:05  Drone  
  55  4:08  Extractor  
  55  4:09  Extractor, Drone  
  55  4:11  Drone x2  
  55  4:14  Overlord  
  57  4:17  Spire  
  57  4:18  Drone  
  57  4:23  Baneling Nest  
  56  4:25  Overlord  
  56  4:30  Overlord  
  56  4:33  Drone x3  
  56  4:36  Drone  
  60  4:43  Overlord  
  60  4:46  Zergling x4  
  63  4:52  Drone  
  63  4:53  Drone  
  63  4:55  Drone  
  65  5:00  Drone x2  
  67  5:19  Drone x2  
  67  5:20  Drone  
  70  5:28  Mutalisk x6  
  70  5:29  Mutalisk  
  70  5:31  Drone x2  
  70  5:33  Extractor  
  70  5:34  Extractor  
  84  5:37  Overlord  
  84  5:39  Drone x2  
  84  5:41  Zerg Flyer Weapons Level 1  
  86  5:43  Drone  
  86  5:45  Overlord  
  86  5:47  Evolution Chamber  
  86  5:48  Evolution Chamber  
  85  5:52  Centrifical Hooks  
  85  5:54  Drone x5  
  90  6:03  Drone x3  
  93  6:07  Zergling x10  
  98  6:15  Zerg Ground Armor Level 1, Zerg Melee Weapons Level 1  
  98  6:18  Zergling x12  
  102  6:29  Mutalisk  
  102  6:31  Zergling x2  
  102  6:32  Overlord  
  105  6:33  Overlord  
  105  6:35  Overlord, Baneling x5  
  105  6:40  Baneling x3  
  105  6:41  Overlord  
  105  6:43  Overlord  
  105  6:47  Overlord  
  105  6:53  Mutalisk x3  
  107  6:56  Baneling  
  112  7:01  Zergling x6  
  114  7:09  Mutalisk x2  
  114  7:14  Zergling x2, Hatchery  
  114  7:15  Zergling x4  
  120  7:16  Baneling x5  
  120  7:23  Zergling x6  
  120  7:28  Baneling x3, Spore Crawler  
  122  7:33  Zergling x16  
  123  7:52  Zergling x14  
  126  8:02  Mutalisk x7  
  135  8:10  Zergling x6  
  137  8:22  Zergling x2  
  137  8:23  Baneling x8  
  138  8:27  Zergling x10  
Show
View Real Time Build Order
Export as new Build Order

SpeCial Terran 

Build Orders: Reaper Expand 

Get SALT Encoding   

  12  0:00  SCV  
  13  0:13  SCV  
  14  0:17  Supply Depot  
  14  0:25  SCV  
  15  0:39  SCV  
  15  0:41  Barracks  
  16  0:44  Refinery  
  16  0:51  SCV  
  17  1:03  SCV  
  18  1:15  SCV  
  19  1:29  Orbital Command, Reaper  
  20  1:42  Command Center  
  20  1:52  Supply Depot  
  20  1:55  SCV  
  20  2:01  Marine  
  21  2:08  SCV  
  23  2:10  Factory  
  23  2:20  SCV, Refinery  
  24  2:23  Barracks Reactor  
  24  2:32  SCV  
  26  2:44  SCV  
  26  2:56  Starport, Orbital Command  
  26  2:58  SCV  
  27  3:04  Hellion x2  
  31  3:09  Barracks Tech Lab  
  31  3:10  SCV  
  32  3:22  SCV  
  32  3:23  SCV  
  38  3:28  Marine  
  38  3:33  Supply Depot  
  35  3:35  Viking, Stimpack  
  35  3:36  SCV x2  
  39  3:51  Barracks  
  39  3:53  SCV x2  
  41  3:55  Marine  
  41  3:56  Barracks  
  41  3:59  Supply Depot  
  41  4:00  Factory Reactor  
  42  4:05  SCV x2  
  42  4:07  Starport Reactor  
  44  4:13  Marine  
  45  4:17  SCV x2  
  45  4:21  Engineering Bay  
  45  4:22  Supply Depot  
  47  4:29  SCV x2  
  47  4:31  Marine  
  50  4:41  SCV x2  
  50  4:44  Marine x2  
  58  4:46  Supply Depot  
  58  4:48  Factory Tech Lab  
  58  4:49  Marine x3, Terran Infantry Weapons Level 1  
  58  4:50  Medivac  
  58  4:51  Medivac  
  61  4:53  SCV  
  61  4:55  Supply Depot  
  61  4:58  SCV, Refinery  
  63  5:02  Marine x2  
  63  5:07  Marine x2  
  65  5:08  Marine  
  65  5:09  Supply Depot  
  65  5:11  Siege Tank  
  71  5:20  Marine  
  72  5:21  Marine  
  72  5:24  Marine, Supply Depot  
  72  5:26  SCV x2, Marine  
  72  5:27  Marine  
  78  5:31  Missile Turret  
  78  5:33  Missile Turret  
  78  5:38  Marine  
  78  5:39  Marine  
  78  5:42  Marine  
  79  5:43  Missile Turret  
  79  5:44  Siege Tank, Marine  
  79  5:47  Marine  
  85  5:52  Medivac  
  85  5:55  Marine  
  88  5:57  Marine, Supply Depot  
  88  5:58  Refinery  
  88  6:00  Marine  
  88  6:01  Medivac  
  92  6:05  SCV x2  
  92  6:06  Marine  
  92  6:07  Marine  
  96  6:13  Marine  
  96  6:15  Marine  
  96  6:18  Marine  
  99  6:24  Marine  
  99  6:25  Marine  
  101  6:27  Siege Tank  
  101  6:31  Marine  
  105  6:32  Marine  
  105  6:36  Marine, Supply Depot  
  107  6:40  Combat Shield  
  107  6:42  Marine  
  107  6:43  Marine  
  109  6:49  Marine  
  109  6:52  Marine  
  110  6:57  Marine, Medivac x2  
  110  7:00  Marine x2  
  114  7:07  Marine  
  112  7:10  Marine  
  112  7:14  Supply Depot  
  112  7:15  Marine  
  112  7:18  Marine x2  
  114  7:24  Marine  
  114  7:27  Marine  
  114  7:29  SCV  
  118  7:30  SCV, Supply Depot  
  118  7:35  Marine x2  
  118  7:36  Marine  
  121  7:42  Marine  
  119  7:45  Marine  
  119  7:51  Siege Tank  
  117  7:53  Marine x2  
  117  7:54  Marine  
  110  8:00  Marine  
  110  8:03  Marine  
  94  8:11  Marine x2  
  94  8:12  Marine  
  92  8:18  Marine  
  86  8:21  Marine  
Tags
 
Add a new tag
Caveats
  • Supply blocks, unpowered buildings, or Contaminate may cause inaccurate times.
  • Supply counts are checked every 10 seconds.